 Dungeon Crawl Stone Soup version 0.27-a0-1200-g94dc6ad4cf (webtiles) character file.

Game seed: 354654384258446212

86 RepHenryClay the Magician (level 4, -1/31 HPs)
             Began as a Djinni Fire Elementalist on May 31, 2021.
             Slain by an orc wizard
             ... wielding a +0 dagger
              (3 damage)
             ... on level 2 of the Dungeon.
             The game lasted 00:04:16 (3128 turns).

RepHenryClay the Magician (DjFE)                    Turns: 3128, Time: 00:04:17

Health: -1/31      AC:  3    Str: 13    XL:     4   Next: 77%
Gold:   99         EV: 12    Int: 17    God:
                   SH:  0    Dex: 14

rFire    + + .     SeeInvis .   (no weapon)
rCold    x . .     Faith    .   (no shield)
rNeg     . . .     Spirit   .   a - +0 robe
rPois    ∞         Reflect  .   (no helmet)
rElec    .         Harm     .   k - +0 cloak
rCorr    .         Rampage  .   (no gloves)
Will     +....                  (boots unavailable)
Stlth    ++........             (no amulet)
HPRegen  0.10/turn              b - ring of willpower
MPRegen  0.00/turn              g - +6 ring of strength

@: mighty, flying
A: sickness immunity, fire resistance 2, cold vulnerability 1, float, innate
caster, hp casting, extra vitality 1
a: no special abilities


You were on level 2 of the Dungeon.
You visited 1 branch of the dungeon, and saw 3 of its levels.

You collected 99 gold pieces.

Inventory:

Armour
 a - a +0 robe (worn)
 k - a +0 cloak (worn)
Jewellery
 b - a ring of willpower (left hand)
 g - a +6 ring of strength (right hand)
Scrolls
 c - a scroll of identify {unknown}
 h - 2 scrolls of enchant armour {unknown}
 i - 2 scrolls of magic mapping {unknown}
 m - a scroll of acquirement {unknown}


   Skills:
 - Level 2.7 Dodging
 - Level 2.1 Stealth
 + Level 3.6 Spellcasting


You couldn't memorise any spells.
You knew the following spells:

 Your Spells              Type           Power      Damage    Failure   Level
a - Foxfire               Conj/Fire      60%        2x1d7     3%          1
b - Conjure Flame         Conj/Fire      15%        6-21      11%         3
c - Inner Flame           Hex/Fire       15%        N/A       11%         3
d - Sticky Flame          Conj/Fire      15%        2d4       36%         4
e - Fireball              Conj/Fire      7%         3d5       71%         5
f - Beastly Appendage     Tmut           30%        N/A       3%          1
Your spell library was empty.

Dungeon Overview and Level Annotations

Branches:
Dungeon (3/15)

Altars:


Innate Abilities, Weirdness & Mutations

You are immune to sickness and miasma.
You are immune to poison.
Your flesh is very heat resistant. (rF++)
You are vulnerable to cold. (rC-)
You float through the air rather than walking.
You learn spells naturally, not from books.
Your magical power is your life essence.
You have superior vitality. (+4 HP)


Message History

You feel very mighty all of a sudden. The orc wizard misses you.
The orc barely misses you.
You closely miss the orc wizard.
The orc wizard hits you with a +0 dagger.
* * * LOW HITPOINT WARNING * * *
The orc barely misses you.
Damage: -3%(-1hp) hp: 36%(11hp)
You closely miss the orc wizard.
The orc wizard hits you with a +0 dagger.
* * * LOW HITPOINT WARNING * * *
The orc hits you with a +0 club.
* * * LOW HITPOINT WARNING * * *
Huge Dmg: -10%(-3hp) hp: 26%(8hp)
You closely miss the orc.
The orc is almost dead.
The orc wizard hits you but does no damage.
The orc barely misses you.
You hit the orc.
You kill the orc!
The orc wizard hits you with a +0 dagger.
* * * LOW HITPOINT WARNING * * *
Huge Dmg: -6%(-2hp) hp: 20%(6hp)
You closely miss the orc wizard.
The orc wizard hits you with a +0 dagger.
* * * LOW HITPOINT WARNING * * *
Huge Dmg: -10%(-3hp) hp: 10%(3hp)
You punch the orc wizard!
The orc wizard is almost dead.
The orc wizard barely misses you.
You barely miss the orc wizard.
The orc wizard is almost dead.
The orc wizard gestures at itself while chanting.
The orc wizard flickers and vanishes!
Deactivating autopickup; reactivate with Ctrl-A.
Casting: Sticky Flame (potentially lethal; 36% risk of failure)
Confirm with . or Enter, or press ? or * to list all spells.
You conjure some foxfire!
* * * LOW HITPOINT WARNING * * *
Something hits you.
You die...

#.......[###.......###.###########
#.####.......###...# #..........<.
#.# ###.###.###.#.###.####.......
#.# #.# #..........## #....... ##.#
#.# #####.###### #....... ...# #.#
#.......# #....... #### #.#
#.#.###.# #....... #.# #.#v###.#
#....... #.# #.#@{...# ###'#### #.#
#.#####.# ##..)## # ####.# #.# ##.#
##.....## ## ##.##.# #.####..#
##.......#
.####...#.#####.......####.........
.'.......................'.........
.####...#.#######........#.........
## ##.##.# #.##..#..##.......# #
####.# #.#...#..###.....##


There were no monsters in sight!

Vanquished Creatures
  2 adders (D:2)
  An adder skeleton (D:2)
  A worm (D:3)
  A dart slug (D:2)
  2 orcs
  6 endoplasms
  5 giant cockroaches
  9 goblins
  5 hobgoblins
  8 kobolds
  4 ball pythons
  3 bats (D:2)
  3 frilled lizards
  4 rats (D:1)
54 creatures vanquished.

Vanquished Creatures (others)
  189 foxfires
189 creatures vanquished.

Grand Total: 243 creatures vanquished

Notes
Turn   | Place    | Note
-------+----------+-------------------------------------------
     0 | D:1      | RepHenryClay the Djinni Fire Elementalist began the quest
                  | for the Orb.
     0 | D:1      | Reached XP level 1. HP: 15/15 MP: 0/0
   213 | D:1      | Reached XP level 2. HP: 17/21 MP: 0/0
   768 | D:1      | Reached XP level 3. HP: 22/25 MP: 0/0
   768 | D:1      | Learned a level 1 spell: Beastly Appendage
  1435 | D:2      | You are sucked into a shaft and drop 1 floor!
  1736 | D:2      | Reached skill level 3 in Spellcasting
  2004 | D:2      | Reached XP level 4. HP: 27/31 MP: 0/0
  2743 | D:2      | Found a faded altar of an unknown god.
  3128 | D:2      | Slain by an orc wizard

Illustrated notes

Levels and vault maps discovered:
D:1:      minmay_arrival_four_loops, layout_basic
D:2:      layout_loops_corners, ebering_ecumenical_altar_sacrificial,
          minmay_worlds_worst_comb
D:3:      layout_basic, nemelex_diamond_rough_becter

Skill      XL: |  1  2  3 |
---------------+----------+-----
Stealth        | 2 |  2.1
Spellcasting   | 3 |  3.6
Dodging        | |  2.7

Action                   |  1- 3 |  4- 6 || total
-------------------------+-------+-------++-------
Melee: Unarmed           |       |     7 ||     7
 Cast: Foxfire           |    63 |    53 ||   116
  Use: Potion            |       |     5 ||     5
Armor: Robe              |     1 |     3 ||     4
Dodge: Dodged            |     2 |    14 ||    16

Table legend: (Time is in decaauts)
 A = Elapsed time spent in this place.
 B = Non-inter-level travel time spent in this place.
 C = Inter-level travel time spent in this place.
 D = Time resting spent in this place.
 E = Time spent auto-exploring this place.
 F = Levels seen in this place.
 G = Mean time per level.
                   A        B        C        D        E       F      G
               +--------+--------+--------+--------+--------+-----+--------+
         Total |   3128 |   3088 |     40 |    289 |   2480 |   3 | 1042.7 |
       Dungeon |   3128 |   3088 |     40 |    289 |   2480 |   3 | 1042.7 |
               +--------+--------+--------+--------+--------+-----+--------+

Top non-repeatable levels by time:
     D:2: 1620 daAuts
     D:1: 1320 daAuts
     D:3: 186 daAuts
